 Dungeon Crawl Stone Soup version 0.26-a0-1126-g3318b609a0 (webtiles) character file.

Game seed: 8369933070987468923

35974 stormannn the Archer (level 13, -7/99 HPs)
             Began as a Gnoll Wanderer on Dec 17, 2020.
             Was a High Priest of Okawaru.
             Mangled by a phantasmal warrior (28 damage)
             ... led by a death knight
             ... on level 13 of the Dungeon on Dec 18, 2020.
             The game lasted 00:53:14 (20739 turns).

stormannn the Archer (Gnoll Wanderer)              Turns: 20739, Time: 00:53:14

Health: -7/99      AC: 18    Str: 24    XL:     13   Next: 87%
Magic:  37/37      EV: 16    Int: 15    God:    Okawaru [*****.]
Gold:   1288       SH: 10    Dex: 18    Spells: 30/34 levels left

rFire    x x .     SeeInvis .   Q - +11 war axe of Aquaz {drain, rElec rF- Str+2}
rCold    + + +     Faith    .   i - +3 warlock's mirror {reflect}
rNeg     + . .     Spirit   .   U - +1 ice dragon scales
rPois    .         Reflect  +   V - +2 helmet
rElec    +         Harm     .   q - +0 cloak
rCorr    .         Rampage  .   (no gloves)
Will     ++...     Clarity  +   (no boots)
Stlth    +++.......             S - amulet of the Four Winds {rN+ Will+++ Clar}
HPRegen  0.26/turn              s - ring "Ypooleny" {rC+ Will+ MP+9}
MPRegen  0.25/turn              j - +6 ring of strength

@: weak-willed
A: distributed training, fangs 1, strong nose
a: Renounce Religion, Heroism, Finesse


You were on level 13 of the Dungeon.
You worshipped Okawaru.
Okawaru was extremely pleased with you.
You visited 3 branches of the dungeon, and saw 16 of its levels.
You also visited: Ossuary and Bailey.

You collected 1642 gold pieces.
You spent 354 gold pieces at shops.

Inventory:

Hand Weapons
 f - a +5 double sword
 Q - the +11 war axe of Aquaz (weapon) {drain, rElec rF- Str+2}
   (You found it on level 9 of the Dungeon)

   A truly terrible weapon, it drains the life of those it strikes.
   It affects your strength (+2).
   It makes you vulnerable to fire.
   It insulates you from electricity.
 Y - a +2 triple sword of electrocution
Missiles
 d - 337 arrows
 g - 16 javelins (quivered)
 n - 6 curare-tipped darts
 r - 512 stones
 O - 58 poisoned darts
 T - 3 throwing nets
Armour
 b - a +3 leather armour of willpower
 i - the +3 warlock's mirror (worn) {reflect}
   (Okawaru gifted it to you on level 14 of the Dungeon)
 q - a +0 cloak (worn)
 B - a +3 plate armour of fire resistance
 U - +1 ice dragon scales (worn)
 V - a +2 helmet (worn)
Jewellery
 j - a +6 ring of strength (right hand)
 s - the ring "Ypooleny" (left hand) {rC+ Will+ MP+9}
   (You acquired it on level 10 of the Dungeon)

   [ring of willpower]

   It protects you from cold.
   It affects your willpower, your defense against some magical effects.
   It affects your magic capacity (+9).
 S - the amulet of the Four Winds (around neck) {rN+ Will+++ Clar}
   (You found it in a bailey)

   [amulet of nothing]

   It protects you from negative energy.
   It affects your willpower, your defense against some magical effects.
   It protects you against confusion.
Wands
 C - a wand of polymorph (3)
 J - a wand of digging (2)
 K - a wand of iceblast (9)
 N - a wand of random effects (12)
 P - a wand of paralysis (20)
 X - a wand of flame (15)
Scrolls
 c - a scroll of summoning {unknown}
 e - 10 scrolls of identify
 h - 10 scrolls of remove curse
 m - 2 scrolls of enchant weapon
 o - 6 scrolls of amnesia
 x - 6 scrolls of blinking
 y - a scroll of immolation
 D - 8 scrolls of teleportation
 R - a scroll of fog
 W - 2 scrolls of fear
 Z - a scroll of enchant armour
Potions
 a - a potion of brilliance {unknown}
 k - 5 potions of degeneration {unknown}
 l - 2 potions of magic {unknown}
 p - 2 potions of cancellation {unknown}
 t - 4 potions of haste {unknown}
 u - 2 potions of invisibility
 v - a potion of resistance
 w - a potion of mutation {unknown}
 z - 2 potions of heal wounds
 A - a potion of berserk rage {unknown}
 E - a potion of might {unknown}
 F - 3 potions of flight {unknown}
 G - 7 potions of curing
 H - 6 potions of ambrosia {unknown}
 I - a potion of attraction {unknown}
 M - 2 potions of lignification {unknown}
Miscellaneous
 L - a lightning rod (4/4)


   Skills:
 + Level 8.7 Fighting
 + Level 8.7 Short Blades
 + Level 8.7 Long Blades
 + Level 8.7 Axes
 + Level 8.7 Maces & Flails
 + Level 8.7 Polearms
 + Level 8.7 Staves
 + Level 8.7 Slings
 + Level 11.8 Bows
 + Level 8.7 Crossbows
 + Level 8.7 Throwing
 + Level 9.1 Armour
 + Level 8.7 Dodging
 + Level 8.7 Stealth
 + Level 9.1 Shields
 + Level 8.7 Unarmed Combat
 + Level 11.1 Spellcasting
 + Level 7.2 Conjurations
 + Level 7.2 Hexes
 + Level 7.2 Summonings
 + Level 7.2 Necromancy
 + Level 7.2 Translocations
 + Level 7.2 Transmutations
 + Level 7.2 Fire Magic
 + Level 7.2 Ice Magic
 + Level 7.2 Air Magic
 + Level 7.2 Earth Magic
 + Level 7.2 Poison Magic
 + Level 9.4 Invocations
 + Level 9.1 Evocations


You had 30 spell levels left.
You knew the following spells:

 Your Spells              Type           Power        Failure   Level
a - Summon Lightning Spi  Summ/Air       30%          11%         4

Your spell library contained the following spells:

 Spells                   Type           Power        Failure   Level
 Animate Skeleton         Necr           60%          1%          1
 Apportation              Tloc           60%          1%          1
 Corona                   Hex            33%          1%          1
 Summon Small Mammal      Summ           100%         1%          1
 Call Imp                 Summ           30%          1%          2
 Call Canine Familiar     Summ           30%          3%          3
 Summon Guardian Golem    Hex/Summ       30%          3%          3
 Summon Ice Beast         Ice/Summ       30%          11%         4


Dungeon Overview and Level Annotations

Branches:
Dungeon (14/15) Temple (1/1) D:5 Lair (0/6) D:9 Orc (1/2) D:9 Vaults (0/5) D:13 D:14 Ossuary (visited) Bailey (visited)

Altars:
Ashenzari
Cheibriados
Dithmenos
Elyvilon
Fedhas
Gozag
Hepliaklqana
Kikubaaqudgha
Makhleb
Nemelex Xobeh
Okawaru
Qazlal
Ru
Sif Muna
Trog
Uskayaw
Vehumet
Wu Jian
Xom
Yredelemnul
Zin
The Shining One

Shops:
D:7 !   D:8 (   D:12 *

Annotations:
D:10 2 transporters, quoriil's ghost, journeyman OpEE
D:13 exclusion: downstairs


Innate Abilities, Weirdness & Mutations

Your experience applies equally to all skills.
You have very sharp teeth.
Your uncanny sense of smell can sniff out nearby items.


Message History

Aiming: Paralyse
Press: ? - help, Shift-Dir - straight line, f - phantasmal warrior
Aim: a phantasmal warrior (heavily damaged, chance to affect: 21%)
Okay, then.
Unknown command.
Unknown command.
You hit the phantasmal warrior.
The phantasmal warrior is heavily damaged.
The phantasmal warrior misses you.
You hit the phantasmal warrior.
The phantasmal warrior is heavily damaged.
The phantasmal warrior hits you.
You hit the phantasmal warrior but do no damage.
The phantasmal warrior is heavily damaged.
The phantasmal warrior hits you!
* * * LOW HITPOINT WARNING * * *
You barely miss the phantasmal warrior.
The phantasmal warrior is heavily damaged.
The phantasmal warrior hits you!!
You die...

..##########...# #.[..... ..#
#...###########[###### ..#
#...............# ..#
#.<.............# ..#
#.........####..#
..##########.........# #..#
.....................# #..######
................[[...####...>....
##.............[@[..........#####
#..#########..W.....######.# #
#..# #........# #.# # #..#
#.######.# #.# # #..# #.# #.#
#.##### #..# #.# #.# #......
##..####### #.# ####.# ####......
..........# ### #.#### #.........
..........# #.# #..#######


You could see a phantasmal warrior.

Vanquished Creatures
  Rupert (D:13)
  Nessos (D:14)
  Josephine (D:12)
  Harold (Orc:1)
  A death knight (D:13)
  3 centaur warriors (D:14)
  3 two-headed ogres
  Urug (D:13)
  Nergalle (Orc:1)
  An unseen horror (D:11)
  2 phantasmal warriors (D:14)
  2 orc knights
  2 orc sorcerers (Orc:1)
  A deep elf mage (D:12)
  2 manticores
  Joseph (D:8)
  A centaur zombie (D:13)
  A gargoyle (D:10)
  A komodo dragon (D:9)
  A queen bee (D:13)
  3 meliai (D:13)
  6 trolls
  A blink frog (shapeshifter) (D:13)
  5 wraiths
  3 wyverns
  3 basilisks (D:9)
  20 yaks
  16 humans
  11 vampire mosquitoes
  A steam dragon (D:9)
  A warg (Orc:1)
  A soldier ant (D:13)
  A water moccasin (D:5)
  17 orc warriors
  5 sky beasts
  6 ice beasts
  10 ogres
  A phantom (D:5)
  A black bear (D:12)
  5 centaurs
  A big kobold (D:13)
  3 wyvern zombies
  A gnoll sergeant (D:10)
  13 bullfrogs
  3 scorpions
  24 killer bees
  8 wights
  5 howler monkeys
  4 electric eels
  A crimson imp (D:3)
  2 bullfrog zombies (Ossuary)
  A quasit (D:10)
  5 jellies
  17 orc wizards
  3 centaur skeletons
  9 orc priests
  A bullfrog skeleton (D:13)
  8 hounds
  2 iguanas
  10 worker ants
  2 killer bee zombies
  3 hound zombies
  2 hound skeletons
  7 mummies (Ossuary)
  A howler monkey zombie (Ossuary)
  4 worker ant zombies
  5 gnolls (D:10)
  12 adders
  A howler monkey skeleton (D:6)
  A shadow imp (D:5)
  5 white imps
  3 adder zombies (Ossuary)
  2 worms
  A dart slug (D:3)
  8 leopard geckos
  75 orcs
  12 giant cockroaches
  9 goblins
  8 hobgoblins
  2 jackals (D:1)
  15 kobolds
  5 quokkas
  2 ball pythons
  9 bats
  12 frilled lizards
  A leopard gecko skeleton (D:7)
  2 leopard gecko zombies (Ossuary)
  A quokka skeleton (D:4)
  6 rats
482 creatures vanquished.

Vanquished Creatures (others)
  20 plants
  18 withered plants (Ossuary)
38 creatures vanquished.

Grand Total: 520 creatures vanquished

Notes
Turn   | Place    | Note
-------+----------+-------------------------------------------
     0 | D:1      | stormannn the Gnoll Wanderer began the quest for the Orb.
     0 | D:1      | stormannn set off with the following items: a +0 mace, a +2
                  | scale mail, a +0 shortbow, 23 arrows
     0 | D:1      | Reached XP level 1. HP: 13/13 MP: 8/8
   133 | D:1      | Reached XP level 2. HP: 19/19 MP: 10/10
   711 | D:1      | Reached XP level 3. HP: 25/25 MP: 9/11
   962 | D:2      | Reached skill level 1 in Fighting
   962 | D:2      | Reached skill level 1 in Short Blades
   962 | D:2      | Reached skill level 1 in Long Blades
   962 | D:2      | Reached skill level 1 in Axes
   962 | D:2      | Reached skill level 1 in Maces & Flails
   962 | D:2      | Reached skill level 1 in Polearms
   962 | D:2      | Reached skill level 1 in Staves
   962 | D:2      | Reached skill level 1 in Slings
   962 | D:2      | Reached skill level 1 in Crossbows
   962 | D:2      | Reached skill level 1 in Throwing
   962 | D:2      | Reached skill level 1 in Dodging
   962 | D:2      | Reached skill level 1 in Stealth
   962 | D:2      | Reached skill level 1 in Unarmed Combat
   962 | D:2      | Reached skill level 1 in Invocations
   962 | D:2      | Reached XP level 4. HP: 24/32 MP: 10/13
  1098 | D:2      | Reached skill level 1 in Conjurations
  1098 | D:2      | Reached skill level 1 in Hexes
  1098 | D:2      | Reached skill level 1 in Summonings
  1098 | D:2      | Reached skill level 1 in Necromancy
  1098 | D:2      | Reached skill level 1 in Translocations
  1098 | D:2      | Reached skill level 1 in Transmutations
  1098 | D:2      | Reached skill level 1 in Fire Magic
  1098 | D:2      | Reached skill level 1 in Ice Magic
  1098 | D:2      | Reached skill level 1 in Air Magic
  1098 | D:2      | Reached skill level 1 in Earth Magic
  1098 | D:2      | Reached skill level 1 in Poison Magic
  1395 | D:2      | Found a bloodstained altar of Trog.
  1635 | D:3      | Reached XP level 5. HP: 33/37 MP: 14/14
  1735 | D:3      | You fall into a shaft and drop 2 floors!
  1735 | D:5      | Entered Level 5 of the Dungeon
  1754 | D:5      | Noticed an ice beast
  1767 | D:5      | Found a sand-covered staircase.
  1772 | Ossuary  | Entered an ossuary
  1879 | Ossuary  | Reached XP level 6. HP: 23/44 MP: 16/16
  2571 | Ossuary  | Reached XP level 7. HP: 50/50 MP: 18/18
  3622 | D:4      | Reached XP level 8. HP: 50/57 MP: 16/19
  3676 | D:4      | Found a hide-covered altar of Uskayaw.
  4264 | D:3      | Found a shadowy altar of Dithmenos.
  4373 | D:3      | Found a radiant altar of Vehumet.
  4438 | D:3      | Found a burning altar of Makhleb.
  4490 | D:3      | Found a snail-covered altar of Cheibriados.
  4558 | D:5      | Found a staircase to the Ecumenical Temple.
  4667 | Temple   | Entered the Ecumenical Temple
  4902 | Temple   | Became a worshipper of Warmaster Okawaru
  5341 | D:5      | Found a sparkling altar of Nemelex Xobeh.
  5664 | D:6      | Found a shimmering altar of Xom.
  5704 | D:6      | Reached * piety under Okawaru
  5705 | D:6      | Reached XP level 9. HP: 47/65 MP: 14/21
  6364 | D:6      | Reached skill level 5 in Armour
  6364 | D:6      | Reached skill level 5 in Shields
  6364 | D:6      | Reached skill level 5 in Evocations
  6948 | D:7      | Found Kytodaj's Distillery.
  6956 | D:7      | Bought a potion of heal wounds for 50 gold pieces
  6956 | D:7      | Bought a potion of curing for 30 gold pieces
  6956 | D:7      | Bought a potion of heal wounds for 50 gold pieces
  7054 | D:7      | Reached ** piety under Okawaru
  7152 | D:7      | Reached skill level 5 in Invocations
  7317 | D:7      | Found a stormy altar of Qazlal.
  7590 | D:8      | Got a steaming leather armour
  7591 | D:8      | Identified the +3 leather armour of Sorcery {Int+2} (You
                  | found it on level 8 of the Dungeon)
  7737 | D:8      | Found a flagged portal.
  7746 | D:8      | Got an ebony halberd
  7751 | Bailey   | Entered a bailey
  7752 | Bailey   | Identified the +2 halberd "Acruz" {freeze, Str+5} (You
                  | found it on level 8 of the Dungeon)
  8243 | Bailey   | Reached XP level 10. HP: 52/73 MP: 16/22
  8351 | Bailey   | Found the amulet of the Four Winds {rN+ Will+++ Clar}
  8358 | Bailey   | Got a shimmering helmet
  8376 | Bailey   | Identified the +1 helmet "Hathruots" {Stlth+} (You found it
                  | in a bailey)
  8598 | D:8      | Found Boschokh's Weapon Emporium.
  9178 | D:8      | Reached skill level 5 in Fighting
  9178 | D:8      | Reached skill level 5 in Short Blades
  9178 | D:8      | Reached skill level 5 in Long Blades
  9178 | D:8      | Reached skill level 5 in Axes
  9178 | D:8      | Reached skill level 5 in Maces & Flails
  9178 | D:8      | Reached skill level 5 in Polearms
  9178 | D:8      | Reached skill level 5 in Staves
  9178 | D:8      | Reached skill level 5 in Slings
  9178 | D:8      | Reached skill level 5 in Crossbows
  9178 | D:8      | Reached skill level 5 in Throwing
  9178 | D:8      | Reached skill level 5 in Dodging
  9178 | D:8      | Reached skill level 5 in Stealth
  9178 | D:8      | Reached skill level 5 in Unarmed Combat
  9681 | D:8      | Noticed Joseph
  9691 | D:8      | Killed Joseph
  9987 | D:9      | Found a staircase to the Orcish Mines.
 10040 | D:9      | Reached skill level 10 in Bows
 10073 | D:9      | Reached *** piety under Okawaru
 10369 | D:9      | Found an ornate altar of the Wu Jian Council.
 11095 | D:9      | Received a gift from Okawaru
 11344 | D:9      | Found a staircase to the Lair.
 11352 | D:9      | Got an encrusted war axe
 11353 | D:9      | Identified the +11 war axe of Aquaz {drain, rElec rF-
                  | Str+2} (You found it on level 9 of the Dungeon)
 11781 | Orc:1    | Entered Level 1 of the Orcish Mines
 12200 | Orc:1    | Reached XP level 11. HP: 67/81 MP: 24/24
 12263 | Orc:1    | Reached **** piety under Okawaru
 12264 | Orc:1    | Noticed an orc knight
 12271 | Orc:1    | Noticed an orc sorcerer
 12295 | Orc:1    | Killed an orc knight
 12296 | Orc:1    | Reached skill level 5 in Conjurations
 12296 | Orc:1    | Reached skill level 5 in Hexes
 12296 | Orc:1    | Reached skill level 5 in Summonings
 12296 | Orc:1    | Reached skill level 5 in Necromancy
 12296 | Orc:1    | Reached skill level 5 in Translocations
 12296 | Orc:1    | Reached skill level 5 in Transmutations
 12296 | Orc:1    | Reached skill level 5 in Fire Magic
 12296 | Orc:1    | Reached skill level 5 in Ice Magic
 12296 | Orc:1    | Reached skill level 5 in Air Magic
 12296 | Orc:1    | Reached skill level 5 in Earth Magic
 12296 | Orc:1    | Reached skill level 5 in Poison Magic
 12297 | Orc:1    | Killed an orc sorcerer
 12540 | Orc:1    | Received a gift from Okawaru
 12894 | Orc:1    | Noticed Harold
 12905 | Orc:1    | Killed Harold
 12905 | Orc:1    | Received a gift from Okawaru
 12908 | Orc:1    | Received a gift from Okawaru
 13345 | Orc:1    | Noticed an orc sorcerer
 13347 | Orc:1    | Killed an orc sorcerer
 13352 | Orc:1    | Noticed Nergalle
 13358 | Orc:1    | Reached ***** piety under Okawaru
 13364 | Orc:1    | Killed Nergalle
 13726 | D:10     | Entered Level 10 of the Dungeon
 14451 | D:10     | Received a gift from Okawaru
 14706 | D:10     | Got a faintly glowing dagger
 14707 | D:10     | Identified the +1 dagger of Hospitality {venom, rN+ Will+
                  | Int+3 Stlth-} (You found it on level 10 of the Dungeon)
 14723 | D:10     | Found a transporter.
 14730 | D:10     | Noticed quoriil's ghost (journeyman OpEE)
 14734 | D:10     | Noticed a moth of wrath
 14771 | D:10     | Found a transporter.
 14850 | D:10     | Noticed a two-headed ogre
 14859 | D:10     | Killed a two-headed ogre
 14860 | D:10     | Reached XP level 12. HP: 60/89 MP: 25/25
 14986 | D:10     | Learned a level 4 spell: Summon Lightning Spire
 15005 | D:10     | Identified a scroll of acquirement
 15007 | D:10     | Acquired the ring "Ypooleny" {rC+ Will+ MP+9}
 15761 | D:11     | Reached skill level 10 in Spellcasting
 16256 | D:11     | Received a gift from Okawaru
 16454 | D:11     | Noticed a two-headed ogre
 16463 | D:11     | Killed a two-headed ogre
 16463 | D:11     | Received a gift from Okawaru
 17578 | D:12     | Found Moit's Assorted Antiques.
 17597 | D:12     | Bought a bloodstained falchion for 224 gold pieces
 17597 | D:12     | Identified the cursed +0 falchion "Gahecu" {protect, Will++
                  | Stlth+} (You bought it in a shop on level 12 of the
                  | Dungeon)
 17756 | D:12     | Noticed Josephine
 17774 | D:12     | Killed Josephine
 18003 | D:13     | Noticed a two-headed ogre
 18016 | D:13     | Killed a two-headed ogre
 18447 | D:13     | Reached XP level 13. HP: 72/98 MP: 27/27
 18755 | D:13     | Noticed Urug
 18772 | D:13     | Killed Urug
 19064 | D:13     | Received a gift from Okawaru
 19755 | D:14     | Noticed Nessos
 19761 | D:14     | Killed Nessos
 19761 | D:14     | Received a gift from Okawaru
 19798 | D:14     | Received a gift from Okawaru
 19799 | D:14     | Found the +3 warlock's mirror {reflect}
 20140 | D:14     | Found a gate to the Vaults.
 20140 | D:14     | Noticed Rupert
 20339 | D:13     | Killed Rupert
 20739 | D:13     | Mangled by a phantasmal warrior

Illustrated notes

Levels and vault maps discovered:
D:1:      minmay_arrival_nine_rooms, layout_loops_ring
D:2:      layout_basic, lightli_temple_of_fire, minmay_lizard_king
D:3:      layout_basic, kennysheep_slug_shrine, lemuel_doored_altar,
          makhleb_grotto_becter, old_standard_altar, gup_sewer_entry_bubbles
D:4:      layout_basic, eat_drink_and_be_merry_uskayaw
D:5:      layout_basic, nicolae_overflow_crystal_walls,
          minmay_temple_entry_steel_oval, enter_ossuary_2
D:6:      layout_layer_cave, xom_teletrap_fun
D:7:      layout_cave_pools, kennysheep_little_box, serial_shops,
          nicolae_shop_stone
D:8:      layout_cave_pods, serial_shops, nicolae_shop_waterfront,
          enter_bailey_2, serial_bayou_lagoon_a, uniq_joseph
D:9:      layout_roguey, nicolae_overflow_hidden_temple, erik_lair_dragon,
          orc_0_dummy
D:10:     layout_loops_ring, gammafunk_ghost_berserking_beasts
D:11:     layout_cave_pods, nicolae_wwwww
D:12:     cheibrodos_helix_gallery, layout_gridville, serial_shops, shop,
          uniq_josephine
D:13:     layout_small_grid, minivault_7, uniq_urug
D:14:     layout_basic, david_vaults_3, hangedman_decor_peaks_small,
          uniq_nessos, uniq_roxanne
Temple:   nicolae_temple_figure_eight
Orc:1:    layout_diamond_mine, uniq_harold, uniq_nergalle

Skill      XL: |  1  2  3  4  5  6  7  8  9 10 11 12 13 |
---------------+----------------------------------------+-----
Fighting       | 1 2 3 4 5 6 7 8 |  8.7
Short Blades   | 1 2 3 4 5 6 7 8 |  8.7
Long Blades    | 1 2 3 4 5 6 7 8 |  8.7
Axes           | 1 2 3 4 5 6 7 8 |  8.7
Maces & Flails | 1 2 3 4 5 6 7 8 |  8.7
Polearms       | 1 2 3 4 5 6 7 8 |  8.7
Staves         | 1 2 3 4 5 6 7 8 |  8.7
Slings         | 1 2 3 4 5 6 7 8 |  8.7
Crossbows      | 1 2 3 4 5 6 7 8 |  8.7
Throwing       | 1 2 3 4 5 6 7 8 |  8.7
Dodging        | 1 2 3 4 5 6 7 8 |  8.7
Stealth        | 1 2 3 4 5 6 7 8 |  8.7
Unarmed Combat | 1 2 3 4 5 6 7 8 |  8.7
Invocations    | 1 2 3 4 5 6 7 8 9 |  9.4
Conjurations   | 1 2 3 4 5 6 7 |  7.2
Hexes          | 1 2 3 4 5 6 7 |  7.2
Summonings     | 1 2 3 4 5 6 7 |  7.2
Necromancy     | 1 2 3 4 5 6 7 |  7.2
Translocations | 1 2 3 4 5 6 7 |  7.2
Transmutations | 1 2 3 4 5 6 7 |  7.2
Fire Magic     | 1 2 3 4 5 6 7 |  7.2
Ice Magic      | 1 2 3 4 5 6 7 |  7.2
Air Magic      | 1 2 3 4 5 6 7 |  7.2
Earth Magic    | 1 2 3 4 5 6 7 |  7.2
Poison Magic   | 1 2 3 4 5 6 7 |  7.2
Armour         | 3 4 5 6 7 8 9 |  9.1
Shields        | 3 4 5 6 7 8 9 |  9.1
Evocations     | 3 4 5 6 7 8 9 |  9.1
Bows           | 9 10 11 | 11.8
Spellcasting   | 8 9 10 11 | 11.1

Action                   |  1- 3 |  4- 6 |  7- 9 | 10-12 | 13-15 || total
-------------------------+-------+-------+-------+-------+-------++-------
Melee: Mace              |    21 |       |       |       |       ||    21
       Bite              |     6 |    15 |    57 |    78 |    32 ||   188
       Hand axe          |    41 |   127 |   442 |   152 |       ||   762
       Spear             |       |       |     3 |    16 |       ||    19
       Punch             |       |       |     6 |    36 |     4 ||    46
       Halberd           |       |       |    22 |    41 |       ||    63
       War axe           |       |       |       |   416 |   222 ||   638
 Fire: Shortbow          |       |       |       |    10 |       ||    10
Throw: Javelin           |       |       |       |     3 |       ||     3
 Cast: Summon Lightning  |       |       |       |     1 |       ||     1
Invok: Heroism           |       |       |     2 |    12 |     5 ||    19
Evoke: Wand              |       |       |       |     1 |       ||     1
  Use: Scroll            |       |     6 |     4 |    13 |       ||    23
       Potion            |       |       |     3 |     5 |     1 ||     9
 Stab: Invisible         |       |       |     2 |       |       ||     2
       Sleeping          |       |       |     5 |     7 |     1 ||    13
       Distracted        |       |       |       |     1 |     1 ||     2
       Confused          |       |       |       |       |     1 ||     1
Armor: Scale mail        |    39 |    57 |   219 |       |       ||   315
       Leather armour    |       |       |       |    80 |       ||    80
       Ice dragon scales |       |       |       |   126 |    99 ||   225
Dodge: Dodged            |    36 |    59 |   245 |   481 |   210 ||  1031
Block: Buckler           |       |       |       |       |    56 ||    56
       Reflection        |       |       |       |       |     5 ||     5

Table legend: (Time is in decaauts)
 A = Elapsed time spent in this place.
 B = Non-inter-level travel time spent in this place.
 C = Inter-level travel time spent in this place.
 D = Time resting spent in this place.
 E = Time spent auto-exploring this place.
 F = Levels seen in this place.
 G = Mean time per level.
                   A        B        C        D        E       F      G
               +--------+--------+--------+--------+--------+-----+--------+
         Total |  21010 |  20335 |    675 |   7019 |   8870 |  18 | 1167.2 |
       Dungeon |  17057 |  16490 |    567 |   5548 |   7319 |  14 | 1218.4 |
        Temple |    250 |    225 |     25 |      0 |    223 |   1 |  250.0 |
  Orcish Mines |   1893 |   1810 |     83 |    612 |    935 |   1 | 1893.0 |
       Ossuary |   1003 |   1003 |      0 |    578 |    181 |   1 | 1003.0 |
        Bailey |    805 |    805 |      0 |    281 |    212 |   1 |  805.0 |
               +--------+--------+--------+--------+--------+-----+--------+

Top non-repeatable levels by time:
    D:13: 2646 daAuts
   Orc:1: 1893 daAuts
     D:9: 1856 daAuts
    D:10: 1809 daAuts
     D:8: 1687 daAuts
    D:11: 1655 daAuts
     D:5: 1284 daAuts
     D:6: 1242 daAuts
 Ossuary: 1003 daAuts
     D:7: 853 daAuts
    D:12: 846 daAuts
     D:1: 831 daAuts
  Bailey: 805 daAuts
     D:2: 794 daAuts
     D:3: 745 daAuts
